 Dungeon Crawl Stone Soup version 0.28-a0-1616-g050a50673c (webtiles) character file.

Game seed: 17357036618866200944

16 grumblor the Ducker (level 2, -1/15 HPs)
             Began as a Spriggan Gladiator on Jan 22, 2022.
             Slain by a kobold (3 damage)
             ... on level 1 of the Dungeon.
             The game lasted 00:00:41 (375 turns).

grumblor the Ducker (Spriggan Gladiator)             Turns: 375, Time: 00:00:42

Health: -1/15      AC:  2    Str: 10    XL:     2   Next: 41%
Magic:  3/3        EV: 19    Int:  9    God:
Gold:   12         SH:  0    Dex: 16    Spells: 1/1 levels left

rFire   . . .      SeeInvis +   a - +0 long sword
rCold   . . .      Faith    .   (no shield)
rNeg    . . .      Spirit   .   b - +0 robe
rPois   .          Reflect  .   c - +0 hat
rElec   .          Harm     .   (no cloak)
rCorr   .          Rampage  .   (gloves unavailable)
Will    .....                   (boots unavailable)
Stlth   +.........              (no amulet)
HPRegen 0.05/turn               (no ring)
MPRegen 0.08/turn               (no ring)

@: very quick
A: very small, no large weapons, unfitting armour, see invisible, speed 3
a: no special abilities


You were on level 1 of the Dungeon.
You visited 1 branch of the dungeon, and saw 1 of its levels.

You collected 12 gold pieces.

Inventory:

Hand Weapons
 a - a +0 long sword (weapon)
Missiles
 d - 3 throwing nets (quivered)
 e - 5 poisoned darts
Armour
 b - a +0 robe (worn)
 c - a +0 hat (worn)
Scrolls
 f - a scroll of fog {unknown}


   Skills:
 + Level 1.7 Fighting
 + Level 2.7 Long Blades
 - Level 2.0 Throwing
 + Level 4.5 Dodging


You had one spell level left.
You didn't know any spells.
Your spell library contained the following spells:

 Spells                   Type           Power      Damage    Failure   Level
 Ensorcelled Hibernation  Hex/Ice        0%         N/A       52%         2
 Spider Form              Tmut/Pois      0%         N/A       77%         3
 Anguish                  Hex/Necr       0%         N/A       99%         4


Dungeon Overview and Level Annotations

Branches:
Dungeon (1/15)

Altars:


Innate Abilities, Weirdness & Mutations

You are very small and have problems with some larger weapons.
You are too small for most types of armour.
You have supernaturally acute eyesight. (SInv)
You cover ground extremely quickly. (Speed+++)


Message History

You closely miss the quokka. The kobold closely misses you.
The goblin completely misses you. The quokka misses you.
A giant cockroach comes into view.
The kobold hits you with a +0 short sword.
The goblin barely misses you. The quokka closely misses you.
You hit the quokka.
The quokka is almost dead.
The quokka completely misses you. The kobold closely misses you.
The goblin misses you.
You closely miss the quokka.
The quokka is almost dead.
The quokka barely misses you. The kobold closely misses you.
The goblin barely misses you. The quokka barely misses you.
You miss the quokka.
The quokka is almost dead.
The kobold misses you. The goblin closely misses you. The quokka bites you.
The kobold closely misses you.
The kobold hits you with a +0 short sword.
You see here a +0 rapier.
You hit the quokka.
You kill the quokka!
You slash the giant cockroach!
You kill the giant cockroach!
You hit the goblin.
You kill the goblin!
You hit the kobold.
The kobold is heavily wounded.
The kobold hits you with a +0 short sword.
* * * LOW HITPOINT WARNING * * *
You slash the kobold!
You kill the kobold!
You barely miss the kobold. The kobold closely misses you.
The kobold barely misses you.
You hit the kobold.
The kobold is severely wounded.
The kobold barely misses you.
You barely miss the kobold.
The kobold is severely wounded.
The kobold hits you with a +0 dagger.
You die...

...### ##...[ #.....
### .J #..... #.#
.... #..... #.###
#... #..... #....
#..# #.#.#.
#.##.##..# #.#.#.
#@##..#..####.#.#.
#K###...##.......>
#...##.....##.#.##
#####.....#####.#.#
#.........# #.#.#
#.####..#.# .....
#...).........#.##
.....B..............
......##..##.#......


You could see a kobold.

Vanquished Creatures
  A dart slug (D:1)
  An endoplasm (D:1)
  A giant cockroach (D:1)
  2 goblins (D:1)
  A hobgoblin (D:1)
  A quokka (D:1)
  A ball python (D:1)
  2 bats (D:1)
  2 kobolds (D:1)
  A rat (D:1)
13 creatures vanquished.

Notes
Turn   | Place    | Note
-------+----------+-------------------------------------------
     0 | D:1      | grumblor the Spriggan Gladiator began the quest for the
                  | Orb.
     0 | D:1      | Reached XP level 1. HP: 10/10 MP: 2/2
   109 | D:1      | Reached XP level 2. HP: 3/15 MP: 3/3
   375 | D:1      | Slain by a kobold

Illustrated notes

Levels and vault maps discovered:
D:1:      dpeg_arrival_connections, layout_rooms

Action                   || total
-------------------------++-------
Melee: Long sword        ||    33
       Punch             ||     1
Armor: Robe              ||     6
Dodge: Dodged            ||    45

Table legend: (Time is in decaauts)
 A = Elapsed time spent in this place.
 B = Non-inter-level travel time spent in this place.
 C = Inter-level travel time spent in this place.
 D = Time resting spent in this place.
 E = Time spent auto-exploring this place.
 F = Levels seen in this place.
 G = Mean time per level.
                   A        B        C        D        E       F      G
               +--------+--------+--------+--------+--------+-----+--------+
         Total |    340 |    340 |      0 |    229 |     37 |   1 |  340.0 |
       Dungeon |    340 |    340 |      0 |    229 |     37 |   1 |  340.0 |
               +--------+--------+--------+--------+--------+-----+--------+

Top non-repeatable levels by time:
     D:1: 340 daAuts
